 Dungeon Crawl Stone Soup version 0.29.1-1-gd02db6906a (webtiles) character file.

Game seed: 4317601382026608929

141 Huetiris the Shield-Bearer (level 5, 0/3 (42) HPs)
             Began as a Formicid Fighter on Oct 6, 2022.
             Slain by a necrophage (1 damage)
             ... on level 4 of the Dungeon on Oct 13, 2022.
             The game lasted 00:28:53 (3427 turns).

Huetiris the Shield-Bearer (Formicid Fighter)       Turns: 3427, Time: 00:28:54

HP:   0/3 (42)      AC: 10    Str: 22    XL:     5   Next: 48%
MP:   5/5           EV:  8    Int:  8    God:
Gold: 102           SH:  9    Dex: 13    Spells: 2/4 levels left

rFire   . . .      SeeInvis +   p - +0 falchion (elec)
rCold   . . .      Faith    .   k - +0 kite shield
rNeg    . . .      Spirit   .   b - +0 scale mail
rPois   .          Reflect  .   (helmet unavailable)
rElec   .          Harm     .   l - +0 cloak
rCorr   .          Rampage  .   h - +0 pair of gloves
Will    .....                   q - +0 pair of boots
Stlth   ..........              (no amulet)
HPRegen 0.01/turn               r - ring of wizardry
MPRegen 0.09/turn               (no ring)

@: extremely drained
A: permanent stasis, dig shafts and tunnels, antennae 3, four strong arms
a: Dig, Shaft Self


You were on level 4 of the Dungeon.
You visited 1 branch of the dungeon, and saw 4 of its levels.

You collected 102 gold pieces.

Inventory:

Hand Weapons
 a - a +0 war axe
 p - a +0 falchion of electrocution (weapon)
Missiles
 t - 6 javelins
Armour
 b - a +0 scale mail (worn)
 c - a +0 buckler
 h - a +0 pair of gloves (worn)
 k - a +0 kite shield (worn)
 l - a +0 cloak (worn)
 q - a +0 pair of boots (worn)
 A - a +0 pair of gloves
Jewellery
 r - a ring of wizardry (left hand)
Wands
 x - a wand of roots (8) (quivered)
Scrolls
 e - 3 scrolls of fear {unknown}
 f - 2 scrolls of poison {unknown}
 g - a scroll of silence {unknown}
 i - 2 scrolls of amnesia {unknown}
 m - a scroll of magic mapping {unknown}
 n - a scroll of identify {unknown}
 u - a scroll of enchant weapon {unknown}
 v - a scroll of blinking {unknown}
 y - a scroll of vulnerability {unknown}
 z - a scroll of teleportation {unknown}
Potions
 d - 2 potions of might
 j - a potion of flight {unknown}
 o - a potion of lignification {unknown}
 s - a potion of magic {unknown}
 w - a potion of heal wounds


   Skills:
 + Level 4.0 Fighting
 + Level 0.3 Long Blades
 + Level 3.2 Axes
 + Level 4.1 Armour
 + Level 0.7 Dodging
 + Level 0.2 Stealth
 + Level 5.0 Shields


You had 2 spell levels left.
You knew the following spells:

 Your Spells              Type           Power      Damage    Failure   Level
a - Passwall              Tmut/Erth      0%         N/A       80%         2

Your spell library contained the following spells:

 Spells                   Type           Power      Damage    Failure   Level
 Ensorcelled Hibernation  Hex/Ice        0%         N/A       80%         2
 Confusing Touch          Hex            0%         N/A       95%         3
 Yara's Violent Unravell  Hex/Tmut       0%         3d3       100%        5
 Enfeeble                 Hex            0%         N/A       100%        7
 Swiftness                Air            Unusable   N/A       N/A         3

Dungeon Overview and Level Annotations

Branches:
Dungeon (4/15) Temple: D:4-7 You are so drained that the power of Zot will kill you!

Altars:
Zin


Innate Abilities, Weirdness & Mutations

You cannot be hasted, slowed, berserked, paralysed or teleported.
You can dig through walls and to a lower floor.
You have a pair of large antennae on your head. (SInv)
Your four strong arms can wield two-handed weapons with a shield.


Message History

You extend your mandibles.
You dig through the rock wall.
You feel drained.
You dig through the rock wall.
You feel drained.
You dig through the rock wall.
You feel drained.
You dig through the rock wall.
You feel drained.
You dig through the rock wall.
You feel drained.
You dig through the rock wall.
You feel drained.
You dig through the rock wall.
You feel drained.
You dig through the rock wall.
You feel drained.
You dig through the rock wall.
You feel drained.
You dig through the rock wall.
You feel drained.
You dig through the rock wall.
You feel drained.
You dig through the rock wall.
You feel drained.
You dig through the rock wall.
You feel drained.
You dig through the rock wall.
You feel drained.
You dig through the rock wall.
You feel drained.
You dig through the rock wall.
You feel drained.
You dig through the rock wall.
You feel drained.
You dig through the rock wall.
You feel drained.
You dig through the rock wall.
You feel drained.
You dig through the rock wall.
You feel drained.
You retract your mandibles.
You remove your ring of wizardry.
r - a ring of wizardry (left hand)
You see here a +0 scale mail.
There is a stone staircase leading down here.
You climb downwards.
There is a stone staircase leading up here.
There is a stone staircase leading down here.
You climb downwards.
The kobold shouts!
You hear an angry hiss.
There is a stone staircase leading up here.
A black bear comes into view.
The black bear growls angrily.
You block the necrophage's attack.
You barely miss the necrophage. The necrophage hits you.
Ouch! That really hurt!
* * * LOW HITPOINT WARNING * * *
You feel drained.
You die...

## #.
###.##
{....#
#..# {
#.o# #n@#
#.K.....h.
##.####.##
#.# #.#
... ###


You could see a black bear, a necrophage, an orc and a kobold.

Vanquished Creatures
  Terence (D:2)
  4 adders
  3 dart slugs
  8 orcs (D:3)
  2 bats
  11 endoplasms
  A giant cockroach (D:1)
  6 goblins
  3 hobgoblins
  4 jackals (D:3)
  2 kobolds
  A quokka (D:3)
  6 ball pythons
  5 frilled lizards
  4 rats
61 creatures vanquished.

Notes
Turn   | Place    | Note
-------+----------+-------------------------------------------
     0 | D:1      | Huetiris the Formicid Fighter began the quest for the Orb.
     0 | D:1      | Reached XP level 1. HP: 18/18 MP: 1/1
    57 | D:1      | Reached XP level 2. HP: 23/24 MP: 2/2
   480 | D:1      | Reached XP level 3. HP: 29/30 MP: 3/3
   484 | D:1      | Found a faded altar of an unknown god.
   984 | D:2      | Noticed Terence
   994 | D:2      | HP: 1/30 [Terence/+0 falchion of electrocution (4)]
   995 | D:2      | Killed Terence
   996 | D:2      | Reached XP level 4. HP: 1/37 MP: 4/4
  1803 | D:3      | Learned a level 2 spell: Passwall
  1808 | D:3      | Reached XP level 5. HP: 37/41 MP: 5/5
  1844 | D:3      | Found a glowing silver altar of Zin.
  2462 | D:3      | Reached skill level 5 in Shields
  3426 | D:4      | Noticed a black bear
  3427 | D:4      | Slain by a necrophage

Illustrated notes

Levels and vault maps discovered:
D:1:      dpeg_arrival_lava_temple_mockup, layout_loops_cross,
          nicolae_ecumenical_snake_handling
D:2:      layout_rooms, minmay_misc_feat_diagonals, uniq_terence
D:3:      layout_loops_ring, general_overflow_altar
D:4:      layout_loops_ring, gammafunk_temple_overflow_statue, serial_shops,
          shop, serial_bayou_lagoon_a

Skill      XL: |  1  2  3  4  5 |
---------------+----------------+-----
Axes           | 3 |  3.2
Armour         | 4 |  4.1
Fighting       | 4 |  4.0
Shields        | 5 |  5.0
Long Blades    | |  0.3
Dodging        | |  0.7
Stealth        | |  0.2

Action                   |  1- 3 |  4- 6 || total
-------------------------+-------+-------++-------
Melee: War axe           |    63 |       ||    63
       Falchion          |       |   106 ||   106
 Abil: Dig               |       |     2 ||     2
  Use: Potion            |       |     1 ||     1
Armor: Scale mail        |    35 |    70 ||   105
Dodge: Dodged            |    31 |    32 ||    63
Block: Buckler           |    10 |       ||    10
       Kite shield       |    17 |    50 ||    67
